Cogmind - Beta 15 @@@ ROGUE MODE // 2025.08.07 @ 15:23:53 Player: Zoe Result: Smashed by cave-in Performance ------------- Evolutions (0) 0 Regions Visited (1) 200 Robots Destroyed (12) 60 Value Destroyed (93) 93 Prototype IDs (0) 0 Alien Tech Used (0) 0 Bonus (0) 0 TOTAL SCORE: 353 Bonus ------- None Cogmind --------- Core Integrity 0/250 Matter 259/300 Energy 113/125 System Corruption 9% Temperature Cool (22) Movement Walking (120) Location -10/Materials Parts ------- > --- POWER (1) -------- Light Ion Engine > --- PROPULSION (2) --- Aluminum Leg > --- UTILITY (2) ------ Small Storage Unit Improved Terrain Scanner > --- WEAPON (2) ------- Mining Laser > --- INVENTORY (8) ---- Light Ion Engine Aluminum Leg Seismic Detector ECM Suite Small Laser Grenade Launcher Peak State ------------ > --- POWER ------------ Ion Engine > --- PROPULSION ------- Light Treads Light Treads > --- UTILITY ---------- Small Storage Unit Improved Terrain Scanner > --- WEAPON ----------- EM Pulse Gun Light Assault Rifle > --- INVENTORY -------- Light Ion Engine Aluminum Leg Aluminum Leg Seismic Detector Small Laser Mining Laser [Rating: 9] Favorites ----------- Power Ion Engine Engine Ion Engine Propulsion Light Treads Treads Light Treads Leg Aluminum Leg Utility Small Storage Unit Device Seismic Detector Storage Small Storage Unit Weapon Light Assault Rifle Energy Gun EM Pulse Gun Ballistic Gun Light Assault Rifle Special Weapon Mining Laser Build | -11 -10 ------- Run | Yrd Mat Slots Evolved . | . . Power . | . . Propulsion . | . . Utility . | . . Weapon . | . . Parts Attached 14 | 8 6 Power 2 | 1 1 Engine 2 | 1 1 Core . | . . Reactor . | . . Propulsion 4 | 2 2 Treads 2 | 2 . Leg 2 | . 2 Wheel . | . . Hover . | . . Flight . | . . Utility 4 | 2 2 Device 3 | 1 2 Storage 1 | 1 . Processor . | . . Hackware . | . . Protection . | . . Artifact . | . . Weapon 4 | 3 1 Energy Gun 2 | 2 . Energy Cannon . | . . Ballistic Gun 1 | 1 . Ballistic Cannon . | . . Launcher . | . . Special Weapon 1 | . 1 Impact Weapon . | . . Slashing Weapon . | . . Piercing Weapon . | . . Special Melee Weapon . | . . Unidentified Prototypes . | . . Parts Lost 3 | . 3 Power . | . . Propulsion 1 | . 1 Utility . | . . Weapon 2 | . 2 Highest Loss Streak 2 | . 2 To Critical Strikes . | . . Average Backups 5 | 4 6 Power 1 | . 1 Propulsion 1 | 1 1 Utility 1 | . 1 Weapon 1 | 1 2 Tool/Special . | . . Unused Backups 7 | . 7 Power 1 | . 1 Propulsion 4 | . 4 Utility 1 | . 1 Weapon 1 | . 1 Tool/Special . | . . Average Slot Usage (%) 93 | . 93 Engine 14 | . 14 Treads 10 | . 10 Leg 17 | . 17 Device 14 | . 14 Storage 14 | . 14 Energy Gun 7 | . 7 Ballistic Gun 11 | . 11 Special Weapon 2 | . 2 Peak Build Rating 9 | 7 9 Average Rating 7 | 6 8 On Entrance 3 | . 7 Naked Turns . | . . Heaviest Build 14 | 14 14 Greatest Support 40 | 40 40 Greatest Overweight (x) 1 | 1 . Average Overweight (x) . | . . Largest Inventory Capacity 8 | 8 8 Average Capacity 7 | 7 8 Most Carried 8 | 6 8 Average Carried 5 | 4 6 Final Capacity 8 | 8 8 Final Carried 6 | 6 6 Class Distribution -------------------- 100% | Mutant Dominant Class ---------------- Mutant | -10/Materials Resources | -11 -10 ----------- Run | Yrd Mat Matter Collected 372 | 315 57 Remotely . | . . Salvage Created 252 | 195 57 Parts 35 | 28 7 Haulers Intercepted . | . . Recyclers Shooed . | . . Parts Field Recycled . | . . Retrieved Matter . | . . Parts Self-Destructed . | . . Prevented . | . . Kills | -11 -10 ------- Run | Yrd Mat Combat Hostiles Destroyed 3 | . 3 Guns 3 | . 3 Classes Destroyed 2 | 1 1 Tunneler 9 | 9 . Swarmer 3 | . 3 Best Kill Streak 3 | 2 3 Combat Bots Only 3 | . 3 Max Kills in Single Turn 1 | 1 1 Gunslinging . | . . Exploded . | . . Melee . | . . Uniques/NPCs Destroyed . | . . Combat | -11 -10 -------- Run | Yrd Mat Hostile Shots Fired 42 | . 42 Missed 15 | . 15 Hits 27 | . 27 Projectile 27 | . 27 Damage Taken 703 | 18 685 Core 254 | . 254 Absorbed by Shields . | . . Core Remaining (%) 100 | 100 . Volleys Fired 35 | 25 10 Largest 2 | 2 2 Hottest 100 | 60 100 Shots Fired 63 | 50 13 Gun 56 | 50 6 Cannon . | . . Launcher . | . . Special 7 | . 7 Kinetic 28 | 25 3 Thermal 15 | 8 7 Explosive . | . . Electromagnetic 20 | 17 3 Robot Hit Streak 7 | 5 7 Robot Miss Streak 4 | 4 . Penetration Max . | . . Secondary Targets . | . . Shots Hit Robots 32 | 27 5 Core Hits 13 | 10 3 Critical Kills . | . . Critical Parts Destroyed . | . . Critical Strikes . | . . Melee Attacks . | . . Impact . | . . Slashing . | . . Piercing . | . . Sneak Attacks . | . . Combat Hostiles . | . . Follow-up Attacks . | . . Damage Inflicted 362 | 314 48 Guns 332 | 284 48 Cannons . | . . Explosions 30 | 30 . Melee . | . . Ramming . | . . Kinetic 148 | 130 18 Thermal 72 | 72 . Explosive . | . . Electromagnetic 142 | 112 30 Impact . | . . Slashing . | . . Piercing . | . . Highest Corruption 2 | . 2 Average Corruption 2 | . 2 Corruption Purged . | . . Corruption Blocked . | . . Effects 3 | . 3 Message Errors 1 | . 1 Matter Fused 1 | . 1 Heat Flow Errors 1 | . 1 Overload Shots . | . . Overflow Damage . | . . Projectiles . | . . Explosions . | . . Melee . | . . Knockbacks . | . . Impact . | . . Kinetic . | . . Secondary . | . . Self-Inflicted Damage 19 | 19 . Shots 1 | 1 . Rammed . | . . Targets Rammed . | . . Kicked . | . . Crushed . | . . Highest Temperature 193 | 32 193 Average Temperature 23 | 15 31 Received Heat Transfer . | . . Siege Activations . | . . Martial Activations . | . . Shielding Activations . | . . Robots Disrupted . | . . Combat Hostiles . | . . Robots Corrupted . | . . Combat Hostiles . | . . Parts Fried . | . . Impact Corruptions . | . . Robots Melted . | . . Combat Hostiles . | . . Parts Melted . | . . Heat Transferred 100 | 100 . Parts Sabotaged . | . . Parts Stolen . | . . Parts Stripped . | . . Power Chain Reactions 1 | 1 . Alert | -11 -10 ------- Run | Yrd Mat Maximum Alert Level . | . . Low Security (%) 100 | 100 100 Level 1 . | . . Level 2 . | . . Level 3 . | . . Level 4 . | . . Level 5 . | . . High Security . | . . Max Security . | . . Peak Influence 50 | 10 50 Initial . | . . Average 3 | . 8 Influence Increases 119 | 45 74 Destroy 0b10 Robot/C 60 | . 60 Destroy 0b10 Robot/NC 45 | 45 . Destroy Leader 10 | . 10 Destroy Structure 4 | . 4 Influence Decreases 119 | 45 74 Time Decay 107 | 45 62 Lost Part 12 | . 12 Squads Dispatched . | . . Investigation . | . . Extermination . | . . Reinforcement . | . . Assault . | . . Garrison . | . . Intercept . | . . Searches Triggered . | . . Construction Impeded . | . . Haulers Reinforced . | . . Active Scanning Responses . | . . Cargo Convoy Interrupts . | . . Stealth | -11 -10 --------- Run | Yrd Mat Distress Signals 1 | . 1 Communications Jammed . | . . Distress Signals . | . . Times Spotted 7 | . 7 Peak Tracking Total 6 | . 6 Tactical Retreats . | . . Traps | -11 -10 ------- Run | Yrd Mat Traps Triggered . | . . Indirectly . | . . Trap Hack Attempts . | . . Triggered . | . . Disarmed . | . . Reprogrammed . | . . Reused . | . . Traps Extracted . | . . Installed . | . . Triggered . | . . Machines | -11 -10 ---------- Run | Yrd Mat Machines Disabled . | . . Max in Single Turn . | . . Machines Repaired . | . . Machines Dismantled . | . . Machines Sabotaged . | . . Overloaded Fab Kills . | . . Hacking | -11 -10 --------- Run | Yrd Mat Machines Accessed . | . . Terminals . | . . Fabricators . | . . Repair Stations . | . . Recycling Units . | . . Scanalyzers . | . . Garrison Access . | . . Total Hacks . | . . Successful . | . . Failed . | . . Catastrophic . | . . Database Lockouts . | . . Manual . | . . Terminals . | . . Fabricators . | . . Repair Stations . | . . Recycling Units . | . . Scanalyzers . | . . Garrison Access . | . . Terminal Hacks . | . . Fabricator Hacks . | . . Repair Station Hacks . | . . Recycling Unit Hacks . | . . Scanalyzer . | . . Garrison Access Hacks . | . . Unauthorized Hacks . | . . Terminals . | . . Fabricators . | . . Repair Stations . | . . Recycling Units . | . . Scanalyzers . | . . Garrison Access . | . . Data Cores Recovered . | . . Used . | . . Hacking Detections . | . . Full Trace Events . | . . Feedback Events . | . . Feedback Blocked . | . . Robot Schematics Acquired . | . . Robots Built . | . . Authchips . | . . Time . | . . Total Robot Build Rating . | . . Part Schematics Acquired . | . . Parts Built . | . . Authchips . | . . Time . | . . Total Part Build Rating . | . . Parts Repaired . | . . Time . | . . Parts Recycled . | . . Recycled Matter . | . . Retrieved Matter . | . . Retrieved Components . | . . Parts Scanalyzed . | . . Part Schematics Acquired . | . . Parts Damaged . | . . Bothacking | -11 -10 ------------ Run | Yrd Mat Used RIF Installer . | . . Robots Hacked . | . . Non-combat . | . . Combat . | . . Robot Hacks Applied . | . . Relay Couplers Released . | . . Fabnet Peak Effective % . | . . Robots Rewired . | . . Allies Hacked . | . . Hacks Repelled . | . . Allies | -11 -10 -------- Run | Yrd Mat Total Allies . | . . Largest Group . | . . Highest-Rated Group . | . . Highest-Rated Ally . | . . Total Orders . | . . Ally Attacks . | . . Total Damage . | . . Kills . | . . Allies Corrupted . | . . Allies Melted . | . . Intel | -11 -10 ------- Run | Yrd Mat Active Infowar (turns) 924 | 558 366 Terrain 306 | . 306 Seismic 562 | 558 4 ECM 56 | . 56 Robot Analysis Total . | . . Derelict Logs Recovered . | . . Drone Launches . | . . Drone Recoveries . | . . Exploration | -11 -10 ------------- Run | Yrd Mat Turns Passed 991 | 622 369 Spaces Moved 421 | 335 86 Core 8 | 8 . Treads 332 | 327 5 Legs 81 | . 81 Wheels . | . . Hover . | . . Flight . | . . Fastest Speed 50 | 50 120 Average Speed 150 | 158 122 Slowest Speed 160 | 160 160 Overloaded Moves . | . . Propulsion Burnouts . | . . Robots Hopped . | . . Potential Cave-ins 4 | . 4 Cave-ins Triggered 2 | . 2 Exploration Rate (%) 16 | 11 22 Regions Visited 1 Branch Regions . Pre-discovered Areas . | . . Known Exits Taken . | . . Unknown Exits Taken 1 | 1 . Scrap Searched . | . . Spaces Dug 7 | . 7 Terrain Destroyed 7 | . 7 Melee . | . . Projectile 7 | . 7 AOE . | . . Terrain Rammed . | . . Walls Destroyed . | . . Machines Disabled . | . . Actions | -11 -10 --------- Run | Yrd Mat Total 705 | 381 324 Wait 203 | . 203 Move 420 | 334 86 Hop . | . . Pick Up 21 | 13 8 Fast Attach . | . . Attach 8 | 7 1 Detach . | . . Swap 11 | 2 9 Drop 7 | . 7 Fire 35 | 25 10 Melee . | . . Ram . | . . Kick . | . . Crush . | . . Escape Stasis . | . . Rewire . | . . Trap . | . . Miscellaneous . | . . Route ------- -11/Scrapyard -10/Materials History --------- Turn | Location | Event 17 | -11/Scrapyard | Discovered new exit (range 13) 623 | -11/Scrapyard | Entered Materials 648 | -10/Materials | Build established: Mutant 823 | -10/Materials | Crushed by falling debris 823 | -10/Materials | Core integrity fell below 50% 823 | -10/Materials | Core integrity fell below 20% 993 | -10/Materials | Crushed by falling debris 993 | -10/Materials | Smashed by cave-in Last Messages --------------- 00828_ Acquired Flight Unit. 00829_ Acquired 20 matter. 00831_ Dropped Flight Unit. 00831_ Acquired Flight Unit. 00832_ Dropped Flight Unit. 00834_ Acquired Lgt. Ion Engine. 00836_ R-06 Scavenger collects Flight Unit. 00848_ Acquired ECM Suite. 00869_ Dropped Med. Storage Unit. 00871_ System corrupted: Heat flow error (+211). 00899_ Dropped Ion Engine. 00900_ Acquired Grenade Launcher. 00919_ M6TWJLFMJQ3/BQKJQ8ARHKZ0QG: 00931_ R-06 Scavenger collects Ion Engine. 00993_ The unstable cave ceiling collapses. 00993_ Crushed by falling debris. 00993_ Lgt. Assault Rifle destroyed. 00993_ System corrupted by crushing effect (+5). 00993_ Aluminum Leg destroyed. 00993_ System corrupted by crushing effect (+2). Map ----- +----------------------------------------------------+ | ????????????????????????????????????? | | ????????????????????????????????????? | | ????????????????????????????????????? | | ????????????????????????????????????? | | ????????????????????????????????????? | | ????????????????????????????????????? | | ????????????????????????????????????? | | ????????????????????????????????????? | | ????????????????????????????????????? | | ????????????????????????????????????? | | ????????????????????????????????????? | | ????????????????????#???????????????? | | ????????????????????#???????????????? | | ?????????#?????????? ?? ????????????? | | ????????????????????????????????????? | | ????????????????????????????????????? | | ????????????????????????????????????? | | ??????#?#?????????????? ????????????? | | ????????????????# ??????????????????? | | ?????????? ?????? ?????? ??? ???????? | | ???????????????#?? ?????????????????? | | ?????????????? ??? ?? ???????#??????? | | ??????#???? ??#??????????#? ????????? | | ????????? ??? #?##?????#???? ?? ????? | | ???????????##;#????????????? ?? ? ?? | | ??#????#####@####???????#? ??? ???? | | ######## #????????# #? ?"?? | | # # ##???????# ?? ??"? | | # ! # #????#???# #? ???? | | # #""" # ???????# ??/#?#?? | | # " #""" #???? ???# ## ##### | | #""" #""" #??? ????# ## # | | #"" #""" #???????## ## # | | #""" # #??????#?# ## # | | # "" #! # ?????## ## # | | #""" #####+####+####### # | | #""" # ^ # | | #""" # ^ + | | # " + """ ^ !!! """ # | | # # """ !!! """ ##### | | ######## """ !! """ | | ????# | | ????# | | ????###+#########+## | | ????? ! ??# ## ########## | | ????#!!! ## """ ## [ #????????? | | ????#!! ## """ ##! =[!#??????#?? | | ????#!! ## """ ###!!! ###?#?????? | | ????# ## #?####"#???#????#? | | ????# ## #??### #??#?????#? | +----------------------------------------------------+ Best States ------------- Heat Dissipation 25 Energy Generation 10 Energy Capacity 250 Matter Stores 300 Matter Capacity 300 Sight Range 16 Terrain Scan Range 16 Terrain Scan Density 10 ECM Strength 1 Evasion (%) 55 Recoil Reduction 2 Item Schematics ----------------- None Robot Schematics ------------------ None Fabricated ------------ Nothing Repaired ---------- Nothing Alien Tech Used ----------------- None Achievements -------------- None Challenges ------------ None Game ------ Seed SpikedChromionPenetrator Manual? 0 Play Time 00:08:19 Cumulative 30.7 hours Start 2025.08.07 @ 15:18:18 End 2025.08.07 @ 15:23:53 Sessions 1 Manual Loads 0 Difficulty Rogue Special Mode None Game No. 61 Rogue 58 Adventurer 3 Explorer 0 Win Type - Total 0 Types 0/0/0/0/0/0/0/0/0/0 Lore% 26 Gallery% 23 Achievement% 25 Wizard Run 0 Options --------- Layout 1 ASCII 0 Keyboard 0 Movement Mouse Keybinds 0 Fullscreen 1 Font 24/Smallcaps Map View 50x35 Zoom Use 0% Tactical HUD 1 Map Filters NONE Filters NONE Steam 1 RUN: d1975ff7-7499-46f3-91eb-fe3f79b8c448